 Dungeon Crawl Stone Soup version 0.27.1-1-g398f81649c (webtiles) character file.

Game seed: 12161996831867584153

65 Metae the Covered (level 3, 0/33 HPs)
             Began as a Minotaur Fighter on Sept 13, 2021.
             Slain by an adder (1 damage)
             ... on level 1 of the Dungeon.
             The game lasted 00:03:32 (979 turns).

Metae the Covered (Minotaur Fighter)                 Turns: 979, Time: 00:03:33

Health: 0/33       AC:  8    Str: 21    XL:     3   Next: 94%
Magic:  2/2        EV:  8    Int:  5    God:
Gold:   35         SH:  9    Dex:  9    Spells: 2/2 levels left

rFire    . . .     SeeInvis .   a - +0 trident
rCold    . . .     Faith    .   c - +0 kite shield
rNeg     . . .     Spirit   .   h - +0 acid dragon scales
rPois    .         Reflect  .   (helmet restricted)
rElec    .         Harm     .   (no cloak)
rCorr    +         Rampage  .   j - +0 pair of gloves
Will     .....                  (no boots)
Stlth    +.........             (no amulet)
HPRegen  0.11/turn              (no ring)
MPRegen  0.08/turn              (no ring)

@: lethally poisoned (0 -> -5)
A: horns 2, retaliatory headbutt
a: no special abilities


You were on level 1 of the Dungeon.
You visited 1 branch of the dungeon, and saw 2 of its levels.

You collected 35 gold pieces.

Inventory:

Hand Weapons
 a - a +0 trident (weapon)
Missiles
 l - 32 stones (quivered)
Armour
 b - a +0 scale mail
 c - a +0 kite shield (worn)
 h - +0 acid dragon scales (worn)
 j - a +0 pair of gloves (worn)
Scrolls
 e - 2 scrolls of fear {unknown}
 g - a scroll of teleportation {unknown}
 i - 2 scrolls of enchant weapon {unknown}
Potions
 d - a potion of might
 f - a potion of invisibility {unknown}
 k - a potion of degeneration {unknown}
 m - a potion of flight {unknown}
 n - a potion of attraction {unknown}


   Skills:
 + Level 4.3 Fighting
 + Level 3.3 Polearms
 + Level 4.3 Armour
 + Level 4.3 Shields


You had 2 spell levels left.
You didn't know any spells.
Your spell library contained the following spells:

 Spells                   Type           Power      Damage    Failure   Level
 Ensorcelled Hibernation  Hex/Ice        0%         N/A       99%         2
 Spider Form              Tmut/Pois      0%         N/A       100%        3
 Shadow Creatures         Summ           N/A        N/A       100%        6


Dungeon Overview and Level Annotations

Branches:
Dungeon (2/15)

Altars:
Kikubaaqudgha


Innate Abilities, Weirdness & Mutations

You have a pair of horns on your head.
You reflexively headbutt those who attack you in melee.


Message History

You puncture the quokka!
You kill the quokka!
You block the jackal's attack.
The jackal bites you but does no damage.
The adder barely misses you.
You closely miss the adder. You block the jackal's attack. The adder bites you.
You are poisoned.
The adder poisons you!
You closely miss the adder.
You feel sick. The adder bites you but does no damage.
The jackal bites you but does no damage.
The adder bites you.
You are more poisoned.
The adder poisons you!
The jackal bites you but does no damage.
You feel sick.
You feel sick.
You feel sick. The adder bites you but does no damage.
You feel sick.
You feel sick.
There is a stone staircase leading up here.
You feel sick. You block the adder's attack. The adder barely misses you.
You climb upwards.
You feel sick.
You are no longer poisoned.
There is a stone staircase leading down here.
You barely miss the adder. The adder bites you but does no damage.
You closely miss the adder. You block the adder's attack. The adder bites you.
* * * LOW HITPOINT WARNING * * *
You closely miss the adder. You headbutt the adder!
The adder is heavily wounded.
The adder bites you but does no damage. The adder bites you.
* * * LOW HITPOINT WARNING * * *
You are lethally poisoned!
The adder poisons you!
You closely miss the adder.
The adder is heavily wounded.
* * * LOW HITPOINT WARNING * * *
You feel very sick. The adder barely misses you. The adder bites you.
You die...

.........# #.##.#
##.).....# #.##.#
#.......# #.##.#
##.......#######.##.#
.........'.....#.##.#
##.......#####.#.##†#
##.......# #.#.##.#
##############.#S##.#
................@##.#
##############.####.#
# #.# #.# # #.# #.#
##############.# #.#
...............# #.#
.........##########.#
.........'..........#
.........############


You could see an adder.

Vanquished Creatures
  Jessica (D:2)
  A gnoll (D:2)
  4 bats
  An endoplasm (D:1)
  A giant cockroach (D:1)
  2 goblins (D:1)
  4 hobgoblins
  8 jackals (D:1)
  A quokka (D:2)
  A ball python (D:1)
  A rat (D:2)
25 creatures vanquished.

Notes
Turn   | Place    | Note
-------+----------+-------------------------------------------
     0 | D:1      | Metae the Minotaur Fighter began the quest for the Orb.
     0 | D:1      | Reached XP level 1. HP: 19/19 MP: 0/0
   197 | D:1      | Reached XP level 2. HP: 27/27 MP: 1/1
   757 | D:2      | Noticed Jessica
   761 | D:2      | Killed Jessica
   762 | D:2      | Reached XP level 3. HP: 33/33 MP: 2/2
   823 | D:2      | Found an ancient bone altar of Kikubaaqudgha.
   979 | D:1      | HP: 1/33 [poisoned by an adder]
   979 | D:1      | Slain by an adder

Illustrated notes

Levels and vault maps discovered:
D:1:      scummos_arrival_gate, layout_basic
D:2:      layout_basic, basic_altar, uniq_jessica

Skill      XL: |  1  2 |
---------------+-------+-----
Armour         | 4 |  4.3
Fighting       | 4 |  4.3
Shields        | 4 |  4.3
Polearms       | 3 |  3.3

Action                   || total
-------------------------++-------
Melee: Trident           ||    66
       Headbutt          ||    12
Armor: Scale mail        ||     8
       Acid dragon scale ||    16
Dodge: Dodged            ||    20
Block: Kite shield       ||    34
